IL
IOWA CUBS @ INDIANAPOLIS INDIANS
06/15/2048
 
TOP OF THE 1ST
Iowa Cubs batting - Pitching for Indianapolis Indians : RHP Curt Campbell
Pitching: RHP Curt Campbell
Batting: SHB Seung-ho Zhang 0-0: Foul Ball, location: 2F
0-1: SINGLE (Line Drive, 56, EV 100.6 MPH)
Batting: RHB Jon Aguilar 0-0: Called Strike
0-1: Foul Ball, location: 2F
0-2: Strikes out swinging
Batting: SHB Gabriel Cruz 0-0: Ball
1-0: Foul Ball, location: 2F
1-1: Foul Ball, location: 2F
1-2: Ball
2-2: Ball
3-2: Ground out 6-3 (Groundball, 6S, EV 66.9 MPH)
Seung-ho Zhang to second
Batting: RHB Ricardo Aguinaga 0-0: Ball
1-0: Foul Ball, location: 2F
1-1: Swinging Strike
1-2: Strikes out looking
Top of the 1st over - 0 runs, 1 hit, 0 errors, 1 left on base; Iowa 0 - Indianapolis 0
BOTTOM OF THE 1ST
Indianapolis Indians batting - Pitching for Iowa Cubs : RHP Willie Ramos
Pitching: RHP Willie Ramos
Batting: RHB Luis Ramos 0-0: Called Strike
0-1: Fly out, F7 (Flyball, 78S, EV 76.9 MPH)
Batting: RHB Bubba Tierney 0-0: Ball
1-0: Called Strike
1-1: Foul Ball, location: 2F
1-2: Ball
2-2: Foul Ball, location: 2F
2-2: SINGLE (Groundball, 6MD, EV 105.6 MPH)
Batting: LHB Alberto Figueroa 0-0: Ball
1-0: Ball
2-0: Foul Ball, location: 2F
2-1: Ball
Bubba Tierney steals 2nd base
3-1: Ground out 6-3 (Groundball, 6, EV 76.9 MPH)
Bubba Tierney to third
Batting: LHB Nick Rooney 0-0: TRIPLE (Flyball, 8LXD, EV 99.4 MPH)
Bubba Tierney scores
Batting: RHB Chris Pozzi 0-0: Ball
1-0: Fly out, F8 (Flyball, 8LD, EV 108.1 MPH)
Bottom of the 1st over - 1 run, 2 hits, 0 errors, 1 left on base; Iowa 0 - Indianapolis 1
TOP OF THE 2ND
Iowa Cubs batting - Pitching for Indianapolis Indians : RHP Curt Campbell
Batting: RHB Adam O'Hare 0-0: Called Strike
0-1: Ball
1-1: Called Strike
1-2: Fly out, F7 (Line Drive, 7D, EV 90.6 MPH)
Batting: RHB Pat Barton 0-0: Foul Ball, location: 2F
0-1: Ball
1-1: Called Strike
1-2: Strikes out looking
Batting: LHB Sumiki Okuhara 0-0: Ball
1-0: Called Strike
1-1: Ground out 4-3 (Groundball, 34D, EV 100.0 MPH)
Top of the 2nd over - 0 runs, 0 hits, 0 errors, 0 left on base; Iowa 0 - Indianapolis 1
BOTTOM OF THE 2ND
Indianapolis Indians batting - Pitching for Iowa Cubs : RHP Willie Ramos
Batting: LHB Edwin Aguilar 0-0: Fly out, F7 (Flyball, 7, EV 94.4 MPH)
Batting: RHB Etsuro Hosokawa 0-0: Ball
1-0: Ball
2-0: Ball
3-0: Called Strike
3-1: Foul Ball, location: 2F
3-2: Foul Ball, location: 2F
3-2: Foul Ball, location: 2F
3-2: Base on Balls
Batting: RHB Isaiah Yarbrough 0-0: Called Strike
0-1: Ball
Pickoff Throw to First - Error! E1
Etsuro Hosokawa to second
1-1: Ball
2-1: Ground out 6-3 (Groundball, 6, EV 86.9 MPH)
Etsuro Hosokawa to third
Batting: RHB Slamet Pamungkas 0-0: Ball
1-0: Foul Ball, location: 2F
1-1: DOUBLE (Line Drive, 7LM, EV 106.2 MPH)
Etsuro Hosokawa scores
Batting: RHB Luis Ramos 0-0: Swinging Strike
0-1: DOUBLE (Line Drive, 9LS, EV 110.6 MPH)
Slamet Pamungkas scores
Batting: RHB Bubba Tierney 0-0: Swinging Strike
0-1: Swinging Strike
0-2: Foul Ball, location: 2F
0-2: Ball
1-2: Ball
2-2: Ground out 5-3 (Groundball, 56S, EV 86.2 MPH)
Bottom of the 2nd over - 2 runs, 2 hits, 1 error, 1 left on base; Iowa 0 - Indianapolis 3
TOP OF THE 3RD
Iowa Cubs batting - Pitching for Indianapolis Indians : RHP Curt Campbell
Batting: RHB Tony Mendez 0-0: Ball
1-0: Ground out 5-3 (Groundball, 56, EV 101.9 MPH)
Batting: RHB Rich Thurman 0-0: Called Strike
0-1: Ball
1-1: Foul Ball, location: 2F
1-2: Reached via error on a dropped throw from 3B, E3 (Groundball, 56, EV 81.9 MPH)
Batting: SHB Seung-ho Zhang 0-0: Called Strike
0-1: Ball
Rich Thurman steals 2nd base
1-1: Ball
2-1: Ball
3-1: Fly out, F7 (Flyball, 78M, EV 85.6 MPH)
Batting: RHB Jon Aguilar 0-0: Ball
1-0: Ball
2-0: Called Strike
2-1: Ball
3-1: Called Strike
3-2: Strikes out swinging
Top of the 3rd over - 0 runs, 0 hits, 1 error, 1 left on base; Iowa 0 - Indianapolis 3
BOTTOM OF THE 3RD
Indianapolis Indians batting - Pitching for Iowa Cubs : RHP Willie Ramos
Batting: LHB Alberto Figueroa 0-0: Foul Ball, location: 2F
0-1: Called Strike
0-2: Ball
1-2: Strikes out swinging
Batting: LHB Nick Rooney 0-0: Called Strike
0-1: Ball
1-1: Foul Ball, location: 2F
1-2: SINGLE (Line Drive, 56D, EV 97.5 MPH)
Batting: RHB Chris Pozzi 0-0: Called Strike
0-1: Fielders Choice at 2nd, 2-4 (Groundball, 2L, EV 68.1 MPH)
Batting: LHB Edwin Aguilar 0-0: Called Strike
0-1: Ball
1-1: DOUBLE (Flyball, 7LD, EV 96.9 MPH)
Chris Pozzi to third
Runner from 3rd tries for Home, SAFE, no throw by LF
Batting: RHB Etsuro Hosokawa 0-0: Called Strike
0-1: Ball
1-1: Foul Ball, location: 2F
1-2: Ball
2-2: Foul Ball, location: 2F
2-2: TRIPLE (Flyball, 78XD, EV 104.4 MPH)
Edwin Aguilar scores
Pitching: RHP Arnaldo Cardamenho
Batting: RHB Isaiah Yarbrough 0-0: Called Strike
0-1: Foul Ball, location: 2F
0-2: Strikes out looking
Bottom of the 3rd over - 2 runs, 3 hits, 0 errors, 1 left on base; Iowa 0 - Indianapolis 5
TOP OF THE 4TH
Iowa Cubs batting - Pitching for Indianapolis Indians : RHP Curt Campbell
Batting: SHB Gabriel Cruz 0-0: Called Strike
0-1: Called Strike
0-2: Ball
1-2: Strikes out swinging
Batting: RHB Ricardo Aguinaga 0-0: Foul Ball, location: 2F
0-1: Called Strike
0-2: Foul Ball, location: 2F
0-2: Fly out, F2 (Popup, 23F, EV 82.5 MPH)
Batting: RHB Adam O'Hare 0-0: Foul Ball, location: 2F
0-1: Foul Ball, location: 2F
0-2: DOUBLE (Flyball, 8RXD, EV 108.1 MPH)
Batting: RHB Pat Barton 0-0: Foul Ball, location: 2F
0-1: Ball
1-1: Swinging Strike
1-2: Ball
2-2: Ball
3-2: Foul Ball, location: 2F
3-2: Base on Balls
Batting: LHB Sumiki Okuhara 0-0: Ground out U3 (Groundball, 3, EV 88.1 MPH)
Top of the 4th over - 0 runs, 1 hit, 0 errors, 2 left on base; Iowa 0 - Indianapolis 5
BOTTOM OF THE 4TH
Indianapolis Indians batting - Pitching for Iowa Cubs : RHP Arnaldo Cardamenho
Batting: RHB Slamet Pamungkas 0-0: Foul Ball, location: 2F
0-1: Ground out U3 (Groundball, 3S, EV 91.9 MPH)
Batting: RHB Luis Ramos 0-0: Swinging Strike
0-1: Called Strike
0-2: Foul Ball, location: 2F
0-2: Ball
1-2: Foul Ball, location: 2F
1-2: Ball
2-2: Strikes out swinging
Batting: RHB Bubba Tierney 0-0: Called Strike
0-1: Ball
1-1: Foul Ball, location: 2F
1-2: Ball
2-2: Ball
3-2: Base on Balls
Batting: LHB Alberto Figueroa 0-0: Ground out 4-3 (Groundball, 4, EV 81.9 MPH)
Bottom of the 4th over - 0 runs, 0 hits, 0 errors, 1 left on base; Iowa 0 - Indianapolis 5
TOP OF THE 5TH
Iowa Cubs batting - Pitching for Indianapolis Indians : RHP Curt Campbell
Batting: RHB Tony Mendez 0-0: Called Strike
0-1: Ball
1-1: Ground out 6-3 (Groundball, 6, EV 85.0 MPH)
Batting: RHB Rich Thurman 0-0: Ball
1-0: Ball
2-0: Foul Ball, location: 2F
2-1: Ball
3-1: Foul Ball, location: 2F
3-2: Fly out, F8 (Flyball, 8LD, EV 81.2 MPH)
Batting: SHB Seung-ho Zhang 0-0: Ball
1-0: Called Strike
1-1: Ground out 4-3 (Groundball, 4, EV 82.5 MPH)
Top of the 5th over - 0 runs, 0 hits, 0 errors, 0 left on base; Iowa 0 - Indianapolis 5
BOTTOM OF THE 5TH
Indianapolis Indians batting - Pitching for Iowa Cubs : RHP Arnaldo Cardamenho
Batting: LHB Nick Rooney 0-0: Ground out 1-3 (Groundball, 15, EV 71.9 MPH)
Batting: RHB Chris Pozzi 0-0: Ball
1-0: Ball
2-0: Called Strike
2-1: Called Strike
2-2: Ball
3-2: Base on Balls
Batting: LHB Edwin Aguilar 0-0: Ball
1-0: Ball
2-0: Called Strike
2-1: Swinging Strike
2-2: Strikes out looking
Batting: RHB Etsuro Hosokawa 0-0: Called Strike
Chris Pozzi steals 2nd base
0-1: Ground out 6-3 (Groundball, 6, EV 87.5 MPH)
Bottom of the 5th over - 0 runs, 0 hits, 0 errors, 1 left on base; Iowa 0 - Indianapolis 5
TOP OF THE 6TH
Iowa Cubs batting - Pitching for Indianapolis Indians : RHP Curt Campbell
Batting: RHB Jon Aguilar 0-0: Fly out, F9 (Flyball, 9D, EV 96.9 MPH)
Batting: SHB Gabriel Cruz 0-0: Foul Ball, location: 2F
0-1: Swinging Strike
0-2: Strikes out looking
Batting: RHB Ricardo Aguinaga 0-0: Swinging Strike
0-1: Ball
1-1: Ball
2-1: Called Strike
2-2: Foul Ball, location: 2F
2-2: Ball
3-2: SINGLE (Groundball, 4S, EV 61.9 MPH) (infield hit)
Batting: RHB Adam O'Hare 0-0: Called Strike
0-1: Foul Ball, location: 2F
0-2: Ball
1-2: Fly out, F7 (Flyball, 7LM, EV 96.2 MPH)
Top of the 6th over - 0 runs, 1 hit, 0 errors, 1 left on base; Iowa 0 - Indianapolis 5
BOTTOM OF THE 6TH
Indianapolis Indians batting - Pitching for Iowa Cubs : RHP Arnaldo Cardamenho
Batting: RHB Isaiah Yarbrough 0-0: Ball
1-0: Called Strike
1-1: Reached via error on a dropped throw from 2B, E3 (Groundball, 4, EV 101.2 MPH)
Batting: RHB Slamet Pamungkas 0-0: Called Strike
0-1: Ball
1-1: Ball
2-1: Foul Ball, location: 2F
2-2: Strikes out swinging
Batting: RHB Luis Ramos 0-0: Ball
1-0: Ball
2-0: Ball
3-0: Called Strike
3-1: Swinging Strike
3-2: Fielders Choice at 2nd, 6-4 (Groundball, 6MS, EV 88.8 MPH)
Batting: RHB Bubba Tierney 0-0: Ball
1-0: Ball
2-0: Called Strike
2-1: SINGLE (Groundball, 4D, EV 99.4 MPH)
Luis Ramos to second
Runner from 2nd tries for 3rd, SAFE, throw by CF made at trailing runner, OUT! 8-6
Bottom of the 6th over - 0 runs, 1 hit, 1 error, 1 left on base; Iowa 0 - Indianapolis 5
TOP OF THE 7TH
Iowa Cubs batting - Pitching for Indianapolis Indians : RHP Curt Campbell
Batting: RHB Pat Barton 0-0: Ball
1-0: Foul Ball, location: 2F
1-1: Fly out, F9 (Flyball, 9, EV 95.0 MPH)
Batting: LHB Sumiki Okuhara 0-0: Called Strike
0-1: SINGLE (Line Drive, 4MD, EV 94.4 MPH)
Batting: RHB Tony Mendez 0-0: Ball
1-0: Ball
2-0: Ball
3-0: Base on Balls
Sumiki Okuhara to second
Batting: RHB Rich Thurman 0-0: Ball
1-0: Ball
2-0: Called Strike
2-1: Ball
3-1: Foul Ball, location: 2F
3-2: Strikes out swinging
Batting: SHB Seung-ho Zhang 0-0: Ball
1-0: Ball
2-0: Swinging Strike
2-1: Called Strike
2-2: Ground out 4-3 (Groundball, 34D, EV 108.8 MPH)
Top of the 7th over - 0 runs, 1 hit, 0 errors, 2 left on base; Iowa 0 - Indianapolis 5
BOTTOM OF THE 7TH
Indianapolis Indians batting - Pitching for Iowa Cubs : RHP Arnaldo Cardamenho
Batting: LHB Alberto Figueroa 0-0: Called Strike
0-1: Foul Ball, location: 2F
0-2: Ball
1-2: Ball
2-2: Strikes out swinging
Pitching: RHP Jose Ramirez
Batting: LHB Nick Rooney 0-0: Called Strike
0-1: Ball
1-1: Swinging Strike
1-2: Ball
2-2: Strikes out swinging
Batting: RHB Chris Pozzi 0-0: Swinging Strike
0-1: Called Strike
0-2: Ball
1-2: Foul Ball, location: 2F
1-2: Ball
2-2: Foul Ball, location: 2F
2-2: Strikes out swinging
Bottom of the 7th over - 0 runs, 0 hits, 0 errors, 0 left on base; Iowa 0 - Indianapolis 5
TOP OF THE 8TH
Iowa Cubs batting - Pitching for Indianapolis Indians : RHP Curt Campbell
Pitching: LHP Josh Ramirez
Batting: RHB Jon Aguilar 0-0: Foul Ball, location: 2F
0-1: Ball
1-1: Called Strike
1-2: Strikes out looking
Batting: SHB Gabriel Cruz 0-0: Ball
1-0: Swinging Strike
1-1: Foul Ball, location: 2F
1-2: Foul Ball, location: 2F
1-2: Strikes out swinging
Batting: RHB Ricardo Aguinaga 0-0: Called Strike
0-1: Ball
1-1: Foul Ball, location: 2F
1-2: Ground out 6-3 (Groundball, 6, EV 79.4 MPH)
Top of the 8th over - 0 runs, 0 hits, 0 errors, 0 left on base; Iowa 0 - Indianapolis 5
BOTTOM OF THE 8TH
Indianapolis Indians batting - Pitching for Iowa Cubs : RHP Jose Ramirez
Batting: LHB Edwin Aguilar 0-0: Ball
1-0: Foul Ball, location: 2F
1-1: Ball
2-1: Ball
3-1: SINGLE (Line Drive, 6D, EV 102.5 MPH)
Batting: RHB Etsuro Hosokawa 0-0: Swinging Strike
0-1: Foul Ball, location: 2F
0-2: Ball
1-2: Strikes out looking
Batting: RHB Isaiah Yarbrough 0-0: Called Strike
0-1: Ball
Edwin Aguilar steals 2nd base (no throw)
1-1: Ball
2-1: Called Strike
2-2: Ball
3-2: SINGLE (Groundball, 5L, EV 98.1 MPH) (infield hit)
Edwin Aguilar to third
Batting: RHB Slamet Pamungkas 0-0: Fly out, F9 (Flyball, 9S, EV 93.8 MPH)
Batting: RHB Luis Ramos 0-0: Ball
1-0: Ball
2-0: Ball
3-0: Base on Balls
Isaiah Yarbrough to second
Batting: RHB Bubba Tierney 0-0: Ground out U3 (Groundball, 34, EV 103.1 MPH)
Bottom of the 8th over - 0 runs, 2 hits, 0 errors, 3 left on base; Iowa 0 - Indianapolis 5
TOP OF THE 9TH
Iowa Cubs batting - Pitching for Indianapolis Indians : LHP Josh Ramirez
Batting: RHB Adam O'Hare 0-0: Swinging Strike
0-1: Called Strike
0-2: Ball
1-2: Foul Ball, location: 2F
1-2: Strikes out swinging
Batting: RHB Pat Barton 0-0: Foul Ball, location: 2F
0-1: Foul Ball, location: 2F
0-2: Ground out 5-3 (Groundball, 56S, EV 65.6 MPH)
Batting: LHB Sumiki Okuhara 0-0: Called Strike
0-1: Foul Ball, location: 2F
0-2: Strikes out swinging
Top of the 9th over - 0 runs, 0 hits, 0 errors, 0 left on base; Iowa 0 - Indianapolis 5
Tuesday, March 28th , 2023 - OOTP Baseball 23.10 Build 110